 Dungeon Crawl Stone Soup version 0.27-a0-607-g1ad3dbde53 (webtiles) character file.

Game seed: 2146351239331995418

331 Gaff the Skirmisher (level 6, 0/65 HPs)
             Began as an Ogre Gladiator on Mar 13, 2021.
             Was a Follower of Makhleb.
             Slain by a bullfrog zombie (2 damage)
             ... on level 6 of the Dungeon.
             The game lasted 00:12:41 (5147 turns).

Gaff the Skirmisher (Ogre Gladiator)                Turns: 5147, Time: 00:12:42

Health: 0/65       AC:  6    Str: 21      XL:     6   Next: 52%
Magic:  7/7        EV:  9    Int:  9      God:    Makhleb [*.....]
Gold:   200        SH:  0    Dex:  4 (10) Spells: 5/5 levels left

rFire    . . .     SeeInvis +   a - +0 flail
rCold    . . .     Faith    .   (no shield)
rNeg     + . .     Spirit   .   b - +0 robe
rPois    .         Reflect  .   c - +0 hat
rElec    .         Harm     .   f - +2 cloak
rCorr    .         Rampage  .   (gloves unavailable)
Will     .....                  (boots unavailable)
Stlth    +.........             (no amulet)
HPRegen  0.20/turn              s - ring of see invisible
MPRegen  0.10/turn              y - ring of positive energy

@: lethally poisoned (0 -> -3)
A: large, unfitting armour, tough skin 1
a: Renounce Religion


You were on level 6 of the Dungeon.
You worshipped Makhleb.
Makhleb was aware of your devotion.
You visited 1 branch of the dungeon, and saw 6 of its levels.

You collected 200 gold pieces.

Inventory:

Hand Weapons
 a - a +0 flail (weapon)
 q - a +3 dagger
 x - a +1 vorpal hand axe
Missiles
 d - 3 throwing nets (quivered)
 u - 10 poisoned darts
Armour
 b - a +0 robe (worn)
 c - a +0 hat (worn)
 f - a +2 cloak (worn)
 n - a +0 animal skin
Jewellery
 s - a ring of see invisible (right hand)
 y - a ring of positive energy (left hand)
Scrolls
 e - 2 scrolls of enchant weapon {unknown}
 g - a scroll of amnesia {unknown}
 h - a scroll of identify
 i - a scroll of fear {unknown}
 k - 2 scrolls of teleportation
 m - 2 scrolls of noise {unknown}
 o - 2 scrolls of magic mapping
 w - a scroll of fog {unknown}
Potions
 j - 2 potions of cancellation {unknown}
 l - 2 potions of might {unknown}
 p - 2 potions of curing
 r - 2 potions of brilliance {unknown}
 t - a potion of attraction
 v - a potion of mutation {unknown}


   Skills:
 + Level 4.9 Fighting
 + Level 4.1 Maces & Flails
 - Level 2.0 Throwing
 + Level 4.1 Dodging
 + Level 2.6 Invocations


You had 5 spell levels left.
You didn't know any spells.
Your spell library was empty.

Dungeon Overview and Level Annotations

Branches:
Dungeon (6/15)
 Temple: D:4-7

Altars:
Makhleb
Qazlal
Vehumet
Xom


Innate Abilities, Weirdness & Mutations

You are too large for most types of armour.
You have tough skin. (AC +1)


Message History

The shadow imp shouts, "Escape, thou qualling onion-eyed jarkman!"
The shadow imp hits you but does no damage.
A worker ant comes into view.
You completely miss the shadow imp. The shadow imp closely misses you.
You hit the shadow imp.
The shadow imp is moderately wounded.
The shadow imp summons a swarm of flies.
The shadow imp hits you.
* * * LOW HITPOINT WARNING * * *
You hit the shadow imp.
The shadow imp is heavily wounded.
The shadow imp closely misses you. The worker ant bites you.
* * * LOW HITPOINT WARNING * * *
You barely miss the shadow imp.
The shadow imp is heavily wounded.
The shadow imp hits you.
* * * LOW HITPOINT WARNING * * *
A shadow imp comes into view.
The worker ant bites you but does no damage.
The shadow imp hits you but does no damage.
The worker ant completely misses you.
Found a hunting sling.
Found a brown potion.
A bullfrog comes into view.
The bullfrog croaks.
Found a potion of curing.
The shadow imp disappears for a moment.
The worker ant bites you.
* * * LOW HITPOINT WARNING * * *
You are poisoned.
The worker ant poisons you! The bullfrog hits you.
* * * LOW HITPOINT WARNING * * *
You feel sick.
You feel sick. The bullfrog hits you.
* * * LOW HITPOINT WARNING * * *
The iguana hisses angrily.
The bullfrog zombie hits you but does no damage.
The bullfrog releases a deep croak.
The bullfrog zombie hits you.
You die...

#....#..........###
#...#.....#......##
###.....#.#...l...## #
#..#####.#........# ..#.##..#
#.......##Z# ......).#
##......##.+#####
........#####.....<.##l.>....
........5..##.......#..#.#...
..........##@.......#..### #
..........BF.Z........##
......!.##.#..........#
.........#.#......#....$
................###...###
!.............#.# ##..#
............#### #.##
.....##..... ## .. #.....


You could see a bullfrog, an iguana, a worker ant and a bullfrog zombie.

Vanquished Creatures
  A quasit (D:6)
  A hound (D:6)
  An orc wizard (D:4)
  4 worker ants
  Robin (D:3)
  4 adders (D:2)
  An adder zombie (D:4)
  2 worms
  A dart slug (D:1)
  7 orcs
  6 giant cockroaches
  15 goblins
  9 hobgoblins
  2 jackals (D:2)
  2 quokkas
  2 ball pythons
  11 bats
  6 frilled lizards
  10 kobolds
  A leopard gecko zombie (D:5)
  3 rats
90 creatures vanquished.

Notes
Turn   | Place    | Note
-------+----------+-------------------------------------------
     0 | D:1      | Gaff the Ogre Gladiator began the quest for the Orb.
     0 | D:1      | Reached XP level 1. HP: 22/22 MP: 1/1
   394 | D:1      | Reached XP level 2. HP: 24/29 MP: 2/2
  1117 | D:1      | Reached XP level 3. HP: 36/37 MP: 3/3
  1912 | D:2      | Found a burning altar of Makhleb.
  1912 | D:2      | Found a shimmering altar of Xom.
  1947 | D:2      | Became a worshipper of Makhleb the Destroyer
  2011 | D:2      | Reached XP level 4. HP: 46/46 MP: 4/4
  2581 | D:2      | Reached skill level 1 in Invocations
  2698 | D:2      | Found a radiant altar of Vehumet.
  2820 | D:3      | Noticed Robin
  3332 | D:3      | Found a stormy altar of Qazlal.
  3372 | D:3      | Killed Robin
  3373 | D:3      | Reached XP level 5. HP: 44/54 MP: 5/5
  4322 | D:4      | Noticed a troll
  4495 | D:5      | Entered Level 5 of the Dungeon
  4549 | D:5      | Reached * piety under Makhleb
  4920 | D:5      | Reached XP level 6. HP: 52/63 MP: 7/7
  5146 | D:6      | HP: 2/65 [bullfrog (4)]
  5147 | D:6      | Slain by a bullfrog zombie

Illustrated notes

Levels and vault maps discovered:
D:1:      dpeg_arrival_castle, layout_basic, st_stairs_12, minmay_domino_2
D:2:      layout_loops_corners, amethyst_overflow_temple_binary,
          vehumet_crystals
D:3:      layout_rooms, nicolae_overflow_crystal_walls, minmay_cut_off,
          uniq_robin
D:4:      layout_cave_pools, sigmund_army
D:5:      layout_basic, minmay_temple_entry_stoned_glass, serial_shops, shop
D:6:      layout_cave_pools, gammafunk_temple_overflow_wave, kennysheep_mini,
          kennysheep_pointless_box, uniq_edmund

Skill      XL: |  1  2  3  4  5  6 |
---------------+-------------------+-----
Dodging        | 3 4 |  4.1
Fighting       | 3 4 |  4.9
Maces & Flails | 3 4 |  4.1
Invocations    | 1 2 |  2.6
Throwing       | |  2.0

Action                   |  1- 3 |  4- 6 || total
-------------------------+-------+-------++-------
Melee: Flail             |   157 |   241 ||   398
  Use: Scroll            |     1 |     5 ||     6
 Stab: Sleeping          |     1 |       ||     1
Armor: Robe              |    98 |   137 ||   235
Dodge: Dodged            |   127 |   176 ||   303

Table legend: (Time is in decaauts)
 A = Elapsed time spent in this place.
 B = Non-inter-level travel time spent in this place.
 C = Inter-level travel time spent in this place.
 D = Time resting spent in this place.
 E = Time spent auto-exploring this place.
 F = Levels seen in this place.
 G = Mean time per level.
                   A        B        C        D        E       F      G
               +--------+--------+--------+--------+--------+-----+--------+
         Total |   5252 |   5021 |    231 |   1767 |   1766 |   6 |  875.3 |
       Dungeon |   5252 |   5021 |    231 |   1767 |   1766 |   6 |  875.3 |
               +--------+--------+--------+--------+--------+-----+--------+

Top non-repeatable levels by time:
     D:2: 1930 daAuts
     D:1: 1482 daAuts
     D:3: 901 daAuts
     D:5: 488 daAuts
     D:4: 392 daAuts
     D:6: 55 daAuts
